 Dungeon Crawl Stone Soup version 0.29-a0-330-g52719c12eb (webtiles) character file.

Game seed: 14613012827326657804

88 kae the Sneak (level 4, -1/22 HPs)
             Began as a Spriggan Enchanter on Apr 23, 2022.
             Slain by a phantom (3 damage)
             ... on level 3 of the Dungeon.
             The game lasted 00:01:55 (2634 turns).

kae the Sneak (Spriggan Enchanter)                  Turns: 2634, Time: 00:01:56

Health: -1/22      AC:  3    Str:  3 (4)  XL:     4   Next: 30%
Magic:  6/9        EV: 17    Int: 15 (18) God:
Gold:   172        SH:  0    Dex: 14 (15) Spells: 1/9 levels left

rFire   + . .      SeeInvis +   a - +1 dagger
rCold   . . .      Faith    .   (no shield)
rNeg    . . .      Spirit   .   b - +1 robe
rPois   .          Reflect  .   (helmet restricted)
rElec   .          Harm     .   (no cloak)
rCorr   .          Rampage  .   (gloves unavailable)
Will    .....                   (boots unavailable)
Stlth   +++.......              (no amulet)
HPRegen 0.07/turn               j - ring of protection from fire
MPRegen 0.11/turn               (no ring)

@: very quick
A: very small, no large weapons, unfitting armour, see invisible, speed 3
a: no special abilities


You were on level 3 of the Dungeon.
You visited 1 branch of the dungeon, and saw 3 of its levels.

You collected 211 gold pieces.
You spent 39 gold pieces at shops.

Inventory:

Hand Weapons
 a - a +1 dagger (weapon)
Armour
 b - a +1 robe (worn)
Jewellery
 j - a ring of protection from fire (left hand)
Scrolls
 d - a scroll of vulnerability {unknown}
 h - a scroll of blinking
 i - 6 scrolls of teleportation
 m - 2 scrolls of magic mapping
 o - 2 scrolls of enchant weapon {unknown}
 p - a scroll of summoning {unknown}
 q - a scroll of amnesia {unknown}
Potions
 c - 3 potions of invisibility
 f - a potion of might {unknown}
 g - a potion of heal wounds {unknown}
 k - 3 potions of curing {unknown}
 l - a potion of ambrosia {unknown}
 n - a potion of lignification {unknown}


   Skills:
 + Level 1.0 Fighting
 * Level 2.8 Short Blades
 + Level 3.1 Dodging
 + Level 5.0 Stealth
 + Level 3.3 Spellcasting
 + Level 4.1 Hexes


You had one spell level left.
You knew the following spells:

 Your Spells              Type           Power      Damage    Failure   Level
a - Ensorcelled Hibernat  Hex/Ice        16%        N/A       13%         2
b - Confusing Touch       Hex            14%        N/A       11%         3
c - Tukima's Dance        Hex            14%        N/A       11%         3

Your spell library contained the following spells:

 Spells                   Type           Power      Damage    Failure   Level
 Dazzling Flash           Conj/Hex       16%        N/A       26%         3


Dungeon Overview and Level Annotations

Branches:
Dungeon (3/15)

Altars:

Shops:
D:2 ?

Annotations:
D:3 1 transporter, initializr's ghost, amateur GnWn


Innate Abilities, Weirdness & Mutations

You are very small and have problems with some larger weapons.
You are too small for most types of armour.
You have supernaturally acute eyesight. (SInv)
You cover ground extremely quickly. (Speed+++)


Message History

The phantom is lightly damaged.
The phantom hits you but does no damage.
You hit the phantom but do no damage.
The phantom appears confused.
The phantom is lightly damaged.
The phantom hits you.
The phantom blinks!
You blink.
The phantom hits itself.
You hit the phantom.
The phantom is moderately damaged.
You hit the phantom.
The phantom is heavily damaged.
You hit the phantom.
The phantom is severely damaged.
The phantom misses you.
You barely miss the phantom.
The phantom is severely damaged.
The phantom closely misses you.
You hit the phantom.
The phantom is severely damaged.
You barely miss the phantom.
The phantom is severely damaged.
You hit the phantom.
The phantom is severely damaged.
You hit the phantom but do no damage.
The phantom is severely damaged.
The phantom misses you.
You hit the phantom.
The phantom is almost destroyed.
You completely miss the phantom.
The phantom is almost destroyed.
The phantom seems less confused.
The phantom hits you.
* * * LOW HITPOINT WARNING * * *
You miss the phantom.
The phantom is almost destroyed.
The phantom hits you.
* * * LOW HITPOINT WARNING * * *
Okay, then.
It was a potion of degeneration.
There was something very wrong with that liquid.
You feel weakened.
You feel dopey.
You feel clumsy. The phantom hits you.
You die...

#.# #.....## #.#
#..####******** #.#
#...,,,,,,,,,,,
#.#**#.#*******,***,
#.#*...* *,,* *,
#.##.#,*** *,,***,
#....#,,,*****,,,,,,
#..###**,,,,,,,**,**
#..@W#,,,********,*
#.##.#,*** *,*
#.#*...* *,**
#.#*#..# *,,, #.#
*..# *****
#.#**..#********,**
#..,,,..,,,,,,,,,,**
###**,...,,,,,,,,,,*
*,,,,,,,******,,,**


You could see a phantom.

Vanquished Creatures
  2 adders
  3 worms (D:2)
  A dart slug (D:1)
  An orc (D:3)
  5 bats
  7 endoplasms
  2 giant cockroaches
  4 goblins
  5 hobgoblins
  7 jackals (D:1)
  2 quokkas
  5 ball pythons
  3 frilled lizards
  2 kobolds (D:1)
  4 rats
53 creatures vanquished.

Notes
Turn   | Place    | Note
-------+----------+-------------------------------------------
     0 | D:1      | kae the Spriggan Enchanter began the quest for the Orb.
     0 | D:1      | Reached XP level 1. HP: 9/9 MP: 5/5
   181 | D:1      | Reached XP level 2. HP: 13/13 MP: 6/6
   184 | D:1      | Learned a level 2 spell: Ensorcelled Hibernation
   508 | D:1      | Found a faded altar of an unknown god.
   807 | D:1      | Reached XP level 3. HP: 12/17 MP: 8/8
  1526 | D:2      | Found Iseapry's Magic Scroll Shoppe.
  1534 | D:2      | Bought a scroll of teleportation for 39 gold pieces
  1834 | D:2      | Reached XP level 4. HP: 21/21 MP: 9/9
  2444 | D:3      | Found a transporter.
  2445 | D:3      | Noticed initializr's ghost (amateur GnWn)
  2512 | D:3      | Reached skill level 1 in Fighting
  2516 | D:3      | Learned a level 3 spell: Confusing Touch
  2520 | D:3      | Learned a level 3 spell: Tukima's Dance
  2549 | D:3      | Reached skill level 5 in Stealth
  2597 | D:3      | Noticed a phantom
  2633 | D:3      | HP: 1/22 [phantom (3)]
  2634 | D:3      | Slain by a phantom

Illustrated notes

Levels and vault maps discovered:
D:1:      lightli_arrival_statue_moat, layout_rooms,
          hellmonk_ecumenical_altar_blasted, hex_large,
          chequers_serial_rivers_room_a, kennysheep_crisscross
D:2:      layout_loops_cross, serial_shops, nicolae_shop_crystal
D:3:      layout_loops_ring, gammafunk_ghost_stat_death

Skill      XL: |  1  2  3  4 |
---------------+-------------+-----
Short Blades   | 2 |  2.8
Spellcasting   | 3 |  3.3
Hexes          | 4 |  4.1
Dodging        | 3 |  3.1
Fighting       | 1 |  1.0
Stealth        | 5 |  5.0

Action                   |  1- 3 |  4- 6 || total
-------------------------+-------+-------++-------
Melee: Dagger            |   111 |    47 ||   158
       Punch             |     1 |     1 ||     2
 Cast: Ensorcelled Hiber |    17 |     1 ||    18
       Confusing Touch   |       |     1 ||     1
  Use: Scroll            |       |     5 ||     5
       Potion            |       |     1 ||     1
 Stab: Sleeping          |    22 |     5 ||    27
       Distracted        |     1 |       ||     1
Armor: Robe              |    14 |     3 ||    17
Dodge: Dodged            |    87 |    17 ||   104

Table legend: (Time is in decaauts)
 A = Elapsed time spent in this place.
 B = Non-inter-level travel time spent in this place.
 C = Inter-level travel time spent in this place.
 D = Time resting spent in this place.
 E = Time spent auto-exploring this place.
 F = Levels seen in this place.
 G = Mean time per level.
                   A        B        C        D        E       F      G
               +--------+--------+--------+--------+--------+-----+--------+
         Total |   2075 |   2060 |     15 |    324 |   1377 |   3 |  691.7 |
       Dungeon |   2075 |   2060 |     15 |    324 |   1377 |   3 |  691.7 |
               +--------+--------+--------+--------+--------+-----+--------+

Top non-repeatable levels by time:
     D:1: 1142 daAuts
     D:2: 484 daAuts
     D:3: 447 daAuts
